 Dungeon Crawl Stone Soup version 0.29-a0-321-gf1c400731a (webtiles) character file.

Game seed: 9736425516800625950

20 siradein the Caller (level 2, -1/22 HPs)
             Began as a Draconian Summoner on Apr 4, 2022.
             Was an Initiate of Gozag.
             Slain by Edmund
             ... wielding a +3 vorpal flail
              (4 damage)
             ... on level 4 of the Dungeon.
             The game lasted 00:02:24 (1490 turns).

siradein the Caller (Draconian Summoner)            Turns: 1490, Time: 00:02:25

Health: -1/22      AC:  4    Str: 16    XL:     2   Next: 58%
Magic:  3/5        EV: 12    Int: 15    God:    Gozag
Gold:   26         SH:  0    Dex: 11    Spells: 2/5 levels left

rFire   . . .      SeeInvis .   c - +0 spear
rCold   . . .      Faith    .   (no shield)
rNeg    . . .      Spirit   .   (body armour unavailable)
rPois   .          Reflect  .   (helmet restricted)
rElec   .          Harm     .   (no cloak)
rCorr   .          Rampage  .   (no gloves)
Will    .....                   (no boots)
Stlth   ++........              (no amulet)
HPRegen 0.07/turn               b - +6 ring of strength
MPRegen 0.09/turn               (no ring)

@: no status effects
A: AC +4, unfitting armour, cold-blooded
a: Renounce Religion, Potion Petition, Call Merchant, Bribe Branch


You were on level 4 of the Dungeon.
You worshipped Gozag.
Gozag was noncommittal.
You visited 2 branches of the dungeon, and saw 4 of its levels.

You collected 102 gold pieces.
You paid 76 gold pieces to Gozag.

Inventory:

Hand Weapons
 c - a +0 spear (weapon)
Jewellery
 b - a +6 ring of strength (left hand)
Potions
 a - 2 potions of magic
 d - 4 potions of degeneration {unknown}
 f - 2 potions of attraction {unknown}
 g - a potion of curing {unknown}
 i - a potion of lignification {unknown}


   Skills:
 + Level 0.8 Fighting
 + Level 2.0 Dodging
 - Level 1.7 Stealth
 + Level 0.6 Unarmed Combat
 + Level 2.1 Spellcasting
 * Level 4.2 Summonings


You had 2 spell levels left.
You knew the following spells:

 Your Spells              Type           Power      Damage    Failure   Level
a - Summon Small Mammal   Summ           56%        N/A       3%          1
b - Call Imp              Summ           14%        N/A       6%          2

Your spell library contained the following spells:

 Spells                   Type           Power      Damage    Failure   Level
 Call Canine Familiar     Summ           14%        N/A       12%         3
 Summon Guardian Golem    Hex/Summ       8%         N/A       26%         3
 Conjure Flame            Conj/Fire      1%         6-21      54%         3
 Ignite Poison            Fire/Tmut/Pois 1%         N/A       54%         3
 Summon Lightning Spire   Summ/Air       8%         N/A       65%         4
 Sticky Flame             Conj/Fire      1%         2d3       91%         4
 Conjure Ball Lightning   Conj/Air       0%         3x3d6     100%        6
 Discord                  Hex            0%         N/A       100%        8
 Disjunction              Tloc           0%         N/A       100%        8


Dungeon Overview and Level Annotations

Branches:
Dungeon (4/15)             Temple (1/1) D:4

Altars:
Ashenzari
Cheibriados
Dithmenos
Elyvilon
Fedhas
Gozag
Hepliaklqana
Kikubaaqudgha
Makhleb
Okawaru
Qazlal
Ru
Trog
Uskayaw
Vehumet
Xom
Zin
The Shining One

Annotations:
D:4 Edmund


Innate Abilities, Weirdness & Mutations

Your plain brown scales are hard. (AC +4)
You cannot fit into any form of body armour.
You are cold-blooded and may be slowed by cold attacks.


Message History

Moving in this stuff is going to be slow.
Done exploring.
Done exploring.
Done exploring.
There is an opulent altar of Gozag here.
You kneel at the altar of Gozag.
Gozag welcomes you!
You pay a service fee of 76 gold.
You enter the shallow water.
Moving in this stuff is going to be slow.
You enter the shallow water.
Moving in this stuff is going to be slow.
You enter the shallow water.
Moving in this stuff is going to be slow.
There is a staircase back to the Dungeon here.
You see here a quokka skeleton.
As you read the scroll labelled KARIFI PYEMU, it crumbles to dust.
You assume a fearsome visage.
Nothing appears to happen.
It was a scroll of fear.
Blink to where?
Press: ? - help, Dir - move target
As you read the scroll labelled GESIPU OCIRIG, it crumbles to dust.
It was a scroll of blinking.
There is a staircase back to the Dungeon here.
You see here a quokka skeleton.
You climb upwards.
Welcome back to the Dungeon!
Level annotation: Edmund Edmund misses you.
The hobgoblin closely misses you.
There is a staircase to the Ecumenical Temple here.
A beastly little devil appears in a puff of frigid air.
Edmund hits you with a +3 vorpal flail. The hobgoblin closely misses you.
You swap places.
Edmund attacks as you move away! Edmund hits you with a +3 vorpal flail!
Ouch! That really hurt!
* * * LOW HITPOINT WARNING * * *
x2 Your white imp hits Edmund but does no damage.
Your white imp closely misses Edmund.
Edmund attacks as you move away! Edmund hits you with a +3 vorpal flail.
You die...
Your body crumbles into a pile of gold.

.. ... #### ... ...
.... ##########.###
...### #............#
.....# #..#.#.#.#.#.#
#....####............#
#..........#....@..#.#
#...###.#.......@g...#
#...###+##.#...5...#.#
#..................$.#
...........#.......#.#
.....................#
...........#.#.#.#.#.#
.....................#
############.##...####


You could see Edmund, a hobgoblin (ally target) and a friendly white imp
(summoned).

Vanquished Creatures
  A dart slug (D:1)
  2 ball pythons (D:1)
  An endoplasm (D:1)
  A hobgoblin (D:1)
  A quokka (D:1)
  A bat (D:1)
  A frilled lizard (D:1)
  A goblin (D:1)
  3 kobolds
12 creatures vanquished.

Vanquished Creatures (collateral kills)
  An endoplasm (D:1)
  A giant cockroach (D:4)
  A hobgoblin (D:1)
  A quokka (Temple)
4 creatures vanquished.

Grand Total: 16 creatures vanquished

Notes
Turn   | Place    | Note
-------+----------+-------------------------------------------
     0 | D:1      | siradein the Draconian Summoner began the quest for the
                  | Orb.
     0 | D:1      | Reached XP level 1. HP: 14/14 MP: 3/3
   221 | D:1      | Found a faded altar of an unknown god.
   335 | D:1      | Reached XP level 2. HP: 22/22 MP: 1/5
  1105 | D:2      | Learned a level 2 spell: Call Imp
  1116 | D:2      | You fall into a shaft and drop 2 floors!
  1116 | D:4      | Noticed Edmund
  1116 | D:4      | Found a staircase to the Ecumenical Temple.
  1147 | Temple   | Entered the Ecumenical Temple
  1461 | Temple   | Became a worshipper of Gozag Ym Sagoz the Greedy
  1490 | D:4      | Slain by Edmund

Illustrated notes

Levels and vault maps discovered:
D:1:      ebering_trefoil_3fold, layout_loops_ring,
          hellmonk_ecumenical_altar_slurped_away, minmay_close_crescents
D:2:      minmay_skewed_foursquare, layout_rooms, supply_closet_lemuel
D:4:      layout_basic, mainiacjoe_overflow_big_doors,
          minmay_temple_entry_glass, serial_shops, shop_statue, kennysheep_mini,
          uniq_edmund
Temple:   regret_index_temple_mists

Skill      XL: |  1  2 |
---------------+-------+-----
Dodging        | 2 |  2.0
Fighting       | |  0.8
Stealth        | |  1.7
Unarmed Combat | |  0.6
Spellcasting   | |  2.1
Summonings     | |  4.2

Action                   || total
-------------------------++-------
Melee: Spear             ||    45
       Tailslap          ||     6
 Cast: Summon Small Mamm ||    11
       Call Imp          ||     3
  Use: Scroll            ||     2
Armor: Skin              ||    13
Dodge: Dodged            ||    44

Table legend: (Time is in decaauts)
 A = Elapsed time spent in this place.
 B = Non-inter-level travel time spent in this place.
 C = Inter-level travel time spent in this place.
 D = Time resting spent in this place.
 E = Time spent auto-exploring this place.
 F = Levels seen in this place.
 G = Mean time per level.
                   A        B        C        D        E       F      G
               +--------+--------+--------+--------+--------+-----+--------+
         Total |   1542 |   1514 |     28 |    173 |   1108 |   4 |  385.5 |
       Dungeon |   1154 |   1126 |     28 |      0 |    961 |   3 |  384.7 |
        Temple |    387 |    387 |      0 |    173 |    147 |   1 |  387.0 |
               +--------+--------+--------+--------+--------+-----+--------+

Top non-repeatable levels by time:
     D:1: 1101 daAuts
  Temple: 387 daAuts
     D:4: 35 daAuts
     D:2: 18 daAuts
